 Dungeon Crawl Stone Soup version 0.22.1-1-ga44c0e5 (webtiles) character file.

39 Monsterracer the Gusty (level 3, -4/21 HPs)
             Began as an Octopode Air Elementalist on Oct 22, 2018.
             Slain by a goblin
             ... wielding a cursed -1 club
             ... led by Robin
              (9 damage)
             ... on level 2 of the Dungeon.
             The game lasted 00:02:35 (1409 turns).

Monsterracer the Gusty (Octopode Air Elementalist)  Turns: 1409, Time: 00:02:36

Health: -4/21      AC:  1    Str:  7    XL:     3   Next: 47%
Magic:  2/6        EV: 13    Int: 18    God:
Gold:   64         SH:  0    Dex: 12    Spells: 0/6 levels left

rFire    . . .     SeeInvis .   a - +1 dagger
rCold    + . .     Gourm    .   (no shield)
rNeg     . . .     Faith    .   (helmet restricted)
rPois    .         Spirit   .   (no amulet)
rElec    .         Reflect  .   f - ring of protection from cold {!d}
rCorr    .         Harm     .   (no ring)
MR       .....                  (no ring)
Stlth    +++.......             (no ring)
HPRegen  0.07/turn              (no ring)
MPRegen  0.10/turn              (no ring)
                                (no ring)
                                (no ring)

@: no status effects
A: almost no armour, stealthy swim, amphibious, 8 rings, constrict 8, camouflage
1, gelatinous body 1
a: no special abilities


You were on level 2 of the Dungeon.
You were not hungry.

You visited 1 branch of the dungeon, and saw 2 of its levels.

You collected 64 gold pieces.

Inventory:

Hand Weapons
 a - a +1 dagger (weapon)
 b - a +0 hunting sling
Missiles
 j - 23 stones (quivered)
 k - 12 sling bullets
Armour
 d - a +0 shield
 e - a +0 buckler
Jewellery
 f - a ring of protection from cold (left tentacle) {!d}
Potions
 h - a potion of flight {unknown}
Comestibles
 c - a ration
 m - a chunk of flesh


   Skills:
 - Level 2.0 Dodging
 - Level 2.6 Stealth
 + Level 2.3 Spellcasting
 * Level 2.1 Conjurations
 * Level 3.6 Air Magic


You couldn't memorise any spells.
You knew the following spells:

 Your Spells              Type           Power        Failure   Level  Hunger
a - Shock                 Conj/Air       ##..         5%          1    #......
c - Static Discharge      Conj/Air       ##......     16%         3    ###....
u - Swiftness             Chrm/Air       #.......     13%         2    ##.....

Your spell library contained the following spells:

 Spells                   Type           Power        Failure   Level  Hunger
 Airstrike                Air            ###.......   36%         4    #####..
 Lightning Bolt           Conj/Air       ##........   83%         5    ######.


Dungeon Overview and Level Annotations

Branches:
Dungeon (2/15)

Altars:

Annotations:
D:2 Robin


Innate Abilities, Weirdness & Mutations

You cannot wear most types of armour.
You are very stealthy in the water. (Stealth+)
You are amphibious.
You can wear up to eight rings at the same time.
You can use your tentacles to constrict eight enemies at once.
Your skin changes colour to match your surroundings (Stealth+).
Your rubbery body absorbs attacks. (AC +1, EV +1)


Message History

The hobgoblin shouts!
The goblin wields a hunting sling.
The goblin shoots a stone.
The stone hits you.
A rat comes into view.
You take 1 damage, and have 20/21 hp.
A goblin comes into view.
A goblin comes into view. It is wielding a dagger.
Health restored: 21
Casting: Shock (safe; 5% risk of failure)
Confirm with . or Enter, or press ? or * to list all spells.
Aiming: Shock (safe; 5% risk of failure)
Press: ? - help, Shift-Dir - straight line, f - hobgoblin
Aim: a hobgoblin The zap hits the hobgoblin.
You kill the hobgoblin!
The zap hits the goblin.
The goblin is heavily wounded.
The goblin shouts! x2
The goblin shoots a stone.
The stone hits you but does no damage.
A goblin comes into view. It is wielding a dagger.
A hobgoblin comes into view. It is wielding a club.
You now have 4/6 mp.
An ooze comes into view.
Robin of the Strong Arm comes into view.
She is wielding an enchanted spear.
Casting: Shock (safe; 5% risk of failure)
Confirm with . or Enter, or press ? or * to list all spells.
Aiming: Shock (safe; 5% risk of failure)
Press: ? - help, Shift-Dir - straight line, f - hobgoblin
Aim: a hobgoblin, wielding a club The zap misses the goblin.
The zap hits the ooze.
The ooze is moderately wounded.
The zap hits the hobgoblin.
The hobgoblin is lightly wounded.
The zap hits the goblin.
You kill the goblin!
The zap hits the goblin.
The goblin is severely wounded.
Robin shouts!
You hear a shout!
A goblin comes into view. It is wielding a club.
You hear a shout!
You now have 4/6 mp.
Casting: Shock (safe; 5% risk of failure)
Confirm with . or Enter, or press ? or * to list all spells.
Aiming: Shock (safe; 5% risk of failure)
Press: ? - help, Shift-Dir - straight line, f/p - hobgoblin
Aim: a hobgoblin, wielding a club (lightly wounded)
The zap hits the goblin.
The goblin is moderately wounded.
The zap hits the ooze.
The ooze is severely wounded.
The zap hits the hobgoblin.
The hobgoblin is moderately wounded.
The zap hits Robin.
Robin is moderately wounded.
You hear a shout!
Robin laughs in a distinctly smug fashion.
Robin roars a battlecry!
The goblins go into a battle-frenzy!
The goblin barely misses you.
You now have 3/6 mp.
Casting: Shock (safe; 5% risk of failure)
Confirm with . or Enter, or press ? or * to list all spells.
Aiming: Shock (safe; 5% risk of failure)
Press: ? - help, Shift-Dir - straight line, f/p - hobgoblin
Aim: a hobgoblin, wielding a club (moderately wounded, unusually strong)
The zap misses the goblin.
The zap hits the ooze.
You kill the ooze!
The zap misses the hobgoblin.
The zap hits the goblin.
You kill the goblin!
The zap hits Robin.
Robin is heavily wounded.
Robin throws the goblin at you!
The goblin unwields an uncursed hunting sling.
The goblin closely misses you. The goblin hits you.
A goblin comes into view. It is wielding a dagger.
You take 5 damage, and have 16/21 hp.
MASSIVE DAMAGE!!
You now have 2/6 mp.
Robin throws the goblin at you! The goblin hits you.
* * * LOW HITPOINT WARNING * * *
The goblin barely misses you.
You take 6 damage, and have 10/21 hp.
MASSIVE DAMAGE!!
Casting: Shock (safe; 5% risk of failure)
Confirm with . or Enter, or press ? or * to list all spells.
Okay, then.
Okay, then.
As you read the scroll labeled USHIRGHEQEI, it crumbles to dust.
You feel blessed for a moment.
It was a scroll of remove curse.
The goblin hits you.
* * * LOW HITPOINT WARNING * * *
The goblin closely misses you.
You take 2 damage, and have 8/21 hp.
As you read the scroll labeled MEUCKA XOLACS, it crumbles to dust.
It is a scroll of enchant weapon.
Your +0 dagger glows red for a moment.
The goblin misses you. The goblin closely misses you. The goblin hits you.
* * * LOW HITPOINT WARNING * * *
You take 3 damage, and have 5/21 hp.
As you read the scroll labeled PEJOKK JOVAJ, it crumbles to dust.
You feel aware of your surroundings.
You sensed 1 altar.
It was a scroll of magic mapping.
The goblin hits you with a club!
You die...

#.........# **** ** #..>......#
**,,** ,****##.......## **8,,8***
,,,,*#.........# *,,,,,,,* **
***,...........#####..>,,,,*****,
*##...............#8,,8*,**,,,,
#......))..#######..#*,*,,***
*****#.........#gggr.gg..,,*,**
,,,,,..........g@#####..),>,,****
*****##........### *,,,,,,*,,,,
**..######..,*** ******,*,>,,
*,.#* ###,,,**** *,,*,,,, * *,**
***,,,,* *,*,,,,, * **,* ****,*
**,,,*,*, ****,,* ****** *,*
*,,,**,,, ,,,,,** *,,,,*
*,***,,***,,* **,,,* *,,,,*
*,,<,,***,,**


You could see Robin, a hobgoblin, 4 goblins and a rat.

Vanquished Creatures
  An adder (D:2)
  An ooze (D:2)
  A dart slug (D:1)
  3 giant cockroaches (D:1)
  3 hobgoblins
  A bat (D:1)
  A frilled lizard (D:1)
  6 goblins
  4 kobolds (D:1)
  5 rats
26 creatures vanquished.

Notes
Turn   | Place    | Note
-------+----------+-------------------------------------------
     0 | D:1      | Monsterracer the Octopode Air Elementalist began the quest
                  | for the Orb.
     0 | D:1      | Reached XP level 1. HP: 11/11 MP: 3/3
   471 | D:1      | Reached XP level 2. HP: 14/17 MP: 0/5
   475 | D:1      | Learned a level 2 spell: Swiftness
  1321 | D:2      | Reached XP level 3. HP: 21/21 MP: 1/6
  1327 | D:2      | Learned a level 3 spell: Static Discharge
  1401 | D:2      | Noticed Robin
  1406 | D:2      | HP: 10/21 [goblin[Robin] (5)]
  1409 | D:2      | Slain by a goblin

Skill      XL: |  1  2 |
---------------+-------+-----
Conjurations   | 2 |  2.1
Dodging        | |  2.0
Stealth        | |  2.6
Spellcasting   | |  2.3
Air Magic      | |  3.6

Action                   || total
-------------------------++-------
Melee: Dagger            ||     1
 Fire: Hunting sling     ||     1
 Cast: Shock             ||    40
  Use: Scroll            ||     3
 Stab: Sleeping          ||     1
  Eat: Chunk             ||     2
Armor: Skin              ||     1
Dodge: Dodged            ||     9

Vault maps used:
D:1:      tarquinn_simple_flora_water_f, kennysheep_nondescript
D:2:      marbit_many_paths, st_stairs_6, hangedman_decor_diamond_cutter,
          uniq_robin
